 Dungeon Crawl Stone Soup version 0.21.0 (webtiles) character file.

621 Aksej the Ruffian (level 7, -2/59 HPs)
             Began as a Ghoul Monk on Jan 7, 2018.
             Was a Believer of Wu Jian.
             Killed from afar by an orc wizard (12 damage)
             ... with a puff of flame
             ... on level 4 of the Dungeon.
             The game lasted 00:15:28 (3088 turns).

Aksej the Ruffian (Ghoul Monk)                      Turns: 3088, Time: 00:15:29

Health: -2/59      AC:  5    Str: 15    XL:     7   Next: 46%
Magic:  6/6        EV: 14    Int:  5    God:    Wu Jian [**....]
Gold:   185        SH:  0    Dex: 13    Spells: 6/6 levels left

rFire    . . .     SeeInvis .     - Unarmed
rCold    + + .     Gourm    .   (no shield)
rNeg     + + +     Faith    .   a - +1 robe
rPois    ∞         Spirit   .   f - +0 helmet
rElec    .         Reflect  .   e - +0 cloak
rCorr    .         Harm     .   (no gloves)
MR       .....                  (no boots)
Stlth    ++........             (no amulet)
HPRegen  0.00/turn              j - ring of protection from cold
MPRegen  0.10/turn              (no ring)

@: rotting
A: rotting body, claws 1, carnivore, cold resistance 1, negative energy
resistance 3, inhibited regeneration, torment resistance, unbreathing
a: Wall Jump, Renounce Religion


You were on level 4 of the Dungeon.
You worshipped Wu Jian.
Wu Jian was pleased with you.
You were not hungry.

You visited 1 branch of the dungeon, and saw 4 of its levels.

You collected 185 gold pieces.

Inventory:

Missiles
 i - 4 javelins (quivered)
Armour
 a - a +1 robe (worn)
 e - a +0 cloak (worn)
 f - a +0 helmet (worn)
Jewellery
 j - a ring of protection from cold (left claw)
Wands
 d - a wand of polymorph (14)
 g - a wand of iceblast (9)
 k - a wand of enslavement (7)
 o - a wand of scattershot (3)
Scrolls
 c - 3 scrolls of identify
 h - 2 scrolls of teleportation
 m - 2 scrolls of remove curse
 n - a scroll of amnesia {unknown}
Potions
 l - 4 potions of curing
Comestibles
 b - 8 rations
 p - a chunk of flesh


   Skills:
 + Level 4.1 Fighting
 * Level 4.1 Dodging
 + Level 3.6 Stealth
 * Level 7.5 Unarmed Combat


You had 6 spell levels left.
You didn't know any spells.

Dungeon Overview and Level Annotations

Branches:
Dungeon (4/15)
 Temple: D:4-7

Altars:
Nemelex Xobeh
Vehumet
Wu Jian

Annotations:
D:2 Natasha


Innate Abilities, Weirdness & Mutations

Your body is rotting away.
You thrive on raw meat.
You are immune to poison.
You have sharp fingernails.
You are carnivorous and can eat meat at any time.
Your flesh is cold resistant. (rC+)
You are immune to negative energy. (rN+++)
You do not regenerate when monsters are visible.
You are immune to unholy pain and torment.
You can survive without breathing.


Message History

Something hits you.
* * * LOW HITPOINT WARNING * * *
You repeatedly attack the orc from above.
You closely miss the orc. You claw the orc!
You kill the orc!
The Council accepts your kill. Something hits you but does no damage.
You hear some strange, mumbled words.
A puff of frost appears from out of thin air!
The puff of frost misses you. Something barely misses you.
Something completely misses you. Something hits you but does no damage.
You see here a short sword.
You hear some strange, mumbled words.
A magic dart appears from out of thin air!
The magic dart hits you!
* * * LOW HITPOINT WARNING * * *
You hear some strange, mumbled words.
A puff of flame appears from out of thin air!
The puff of flame hits you!
You die...

# . ###...### # .......$#
#.......# #.# ####.......
#.. ........# #.# ##......#
# #.# #.......#.# #.#
#.[.@...#.#. #.#
#).)........ #.#
#....#.$###. #######.#
#.#.##..#
........#####.#.....#######
######.........)>..........
##.###########.###### #.#
#.# #.###########.#


There were no monsters in sight!

Vanquished Creatures
  Eustachio (D:4)
  2 orc wizards (D:4)
  Crazy Yiuf (D:2)
  A centaur skeleton (D:4)
  3 orc priests
  Jessica (D:3)
  Ijyb (D:4)
  Natasha (D:2)
  A worker ant (D:4)
  Robin (D:2)
  A gnoll (D:1)
  4 adders
  3 oozes
  A worm (D:2)
  4 dart slugs
  4 leopard geckos
  7 orcs
  3 ball pythons
  7 bats
  4 giant cockroaches
  12 goblins
  10 hobgoblins
  4 jackals (D:2)
  11 kobolds
  5 frilled lizards
  A leopard gecko skeleton (D:4)
  7 rats
101 creatures vanquished.

Vanquished Creatures (others)
  A plant (D:1)
1 creature vanquished.

Grand Total: 102 creatures vanquished

Notes
Turn   | Place    | Note
-------+----------+-------------------------------------------
     0 | D:1      | Aksej the Ghoul Monk began the quest for the Orb.
     0 | D:1      | Reached XP level 1. HP: 19/19 MP: 0/0
   152 | D:1      | Reached XP level 2. HP: 18/27 MP: 1/1
   210 | D:1      | Reached XP level 3. HP: 33/33 MP: 2/2
   857 | D:1      | Reached skill level 4 in Unarmed Combat
   929 | D:2      | Reached XP level 4. HP: 36/40 MP: 3/3
  1239 | D:2      | You fall through a shaft for 2 floors!
  1258 | D:2      | Noticed Natasha
  1266 | D:2      | Killed Natasha
  1266 | D:2      | Reached XP level 5. HP: 45/46 MP: 4/4
  1368 | D:2      | Found a runed door.
  1372 | D:2      | Noticed Crazy Yiuf
  1384 | D:2      | Killed Crazy Yiuf
  1384 | D:2      | Reached skill level 5 in Unarmed Combat
  1511 | D:2      | Noticed Robin
  1534 | D:2      | Killed Robin
  1578 | D:2      | Found a sparkling altar of Nemelex Xobeh.
  1701 | D:2      | Noticed Natasha
  1772 | D:3      | Noticed Jessica
  1778 | D:3      | Killed Jessica
  1895 | D:3      | Reached XP level 6. HP: 44/52 MP: 5/5
  2078 | D:3      | Found a radiant altar of Vehumet.
  2214 | D:3      | Reached skill level 6 in Unarmed Combat
  2359 | D:3      | Found an ornate altar of the Wu Jian Council.
  2368 | D:3      | Became a worshipper of the Wu Jian Council
  2368 | D:3      | Reached * piety under Wu Jian
  2368 | D:3      | Reached ** piety under Wu Jian
  2864 | D:4      | Noticed Eustachio
  2918 | D:4      | Killed Eustachio
  2918 | D:4      | Reached skill level 7 in Unarmed Combat
  2918 | D:4      | Reached XP level 7. HP: 8/59 MP: 6/6
  2950 | D:4      | Noticed Ijyb
  2965 | D:4      | Killed Ijyb
  3088 | D:4      | Killed from afar by an orc wizard

Skill      XL: |  1  2  3  4  5  6  7 |
---------------+----------------------+-----
Dodging        | 3 4 |  4.1
Unarmed Combat | 4 5 7 |  7.5
Stealth        | 3 |  3.6
Fighting       | 4 |  4.1

Action                   |  1- 3 |  4- 6 |  7- 9 || total
-------------------------+-------+-------+-------++-------
Melee: Unarmed           |    84 |   223 |    27 ||   334
       Punch             |       |     8 |     2 ||    10
Invok: Whirlwind         |       |     8 |     4 ||    12
       Lunge             |       |     6 |     2 ||     8
       Wall Jump         |       |     1 |     2 ||     3
  Use: Scroll            |       |     8 |       ||     8
       Potion            |       |     6 |       ||     6
 Stab: Sleeping          |     5 |     6 |     1 ||    12
  Eat: Chunk             |    19 |    36 |     8 ||    63
       Ration            |       |       |     1 ||     1
Armor: Robe              |    16 |    55 |     7 ||    78
Dodge: Dodged            |    64 |   132 |    13 ||   209
